 Dungeon Crawl Stone Soup version 0.28.0-53-g5a82cb258f (webtiles) character file.

Game seed: 11693723299756400423

353 CryoSword the Chopper (level 6, -1/47 HPs)
             Began as a Demonspawn Fighter on May 26, 2022.
             Slain by a gnoll
             ... wielding a +0 spear
              (2 damage)
             ... on level 4 of the Dungeon.
             The game lasted 00:03:13 (3603 turns).

CryoSword the Chopper (Demonspawn Fighter)          Turns: 3603, Time: 00:03:13

Health: -1/47      AC:  9    Str: 19    XL:     6   Next: 35%
Magic:  6/6        EV:  9    Int:  9    God:
Gold:   116        SH:  8    Dex: 12    Spells: 5/5 levels left

rFire   . . .      SeeInvis .   p - +0 hand axe
rCold   . . .      Faith    .   c - +0 buckler
rNeg    . . .      Spirit   .   b - +0 scale mail
rPois   +          Reflect  .   (no helmet)
rElec   .          Harm     .   g - +0 cloak
rCorr   .          Rampage  .   (no gloves)
Will    .....                   (no boots)
Stlth   ..........              (no amulet)
HPRegen 0.15/turn               h - ring of poison resistance
MPRegen 0.10/turn               (no ring)

@: no status effects
A: hooves 1, thin metallic scales 1, condensation shield
a: no special abilities


You were on level 4 of the Dungeon.
You visited 1 branch of the dungeon, and saw 4 of its levels.

You collected 116 gold pieces.

Inventory:

Hand Weapons
 a - a +0 war axe
 p - a +0 hand axe (weapon)
   (You took it off a kobold on level 4 of the Dungeon)
Armour
 b - a +0 scale mail (worn)
 c - a +0 buckler (worn)
 g - a +0 cloak (worn)
   (You found it on level 2 of the Dungeon)
Jewellery
 h - a ring of poison resistance (left hand)
   (You found it on level 1 of the Dungeon)
Scrolls
 l - a scroll of enchant armour {unknown}
 m - a scroll of fear {unknown}
 n - a scroll of teleportation {unknown}
 o - a scroll of amnesia {unknown}
Potions
 d - 2 potions of might
 e - 3 potions of heal wounds {@q2}
 f - 3 potions of curing {@q1}


   Skills:
 - Level 3.0 Fighting
 + Level 6.2 Axes
 - Level 2.6 Armour
 - Level 2.6 Shields


You had 5 spell levels left.
You didn't know any spells.
Your spell library contained the following spells:

 Spells                   Type           Power      Damage    Failure   Level
 Magic Dart               Conj           0%         1d3       86%         1
 Call Imp                 Summ           0%         N/A       94%         2
 Mephitic Cloud           Conj/Pois/Air  0%         N/A       99%         3


Dungeon Overview and Level Annotations

Branches:
Dungeon (4/15)
 Temple: D:4-7

Altars:


Innate Abilities, Weirdness & Mutations

You have large cloven feet.
You are partially covered in thin metallic scales. (AC +2)
A meltable shield of frost defends you. (SH +4)


Message History

It was a scroll of immolation.
Unknown command.
As you read the scroll labelled ESURENK MEWYE, it crumbles to dust.
It is a scroll of identify.
e - 3 potions of heal wounds
As you read the scroll of identify {@r1}, it crumbles to dust.
f - 3 potions of curing You drop a scroll of immolation {!r}.
Things that are here:
a +0 dagger; a goblin corpse A hobgoblin comes into view.
The hobgoblin shouts!
A hobgoblin is nearby!
A hobgoblin is nearby!
h - a ring of poison resistance (left hand)
You hit the hobgoblin but do no damage. The hobgoblin hits you.
You closely miss the hobgoblin. Your kick misses the hobgoblin.
You block the hobgoblin's attack.
You hit the hobgoblin. Your kick misses the hobgoblin.
You block the hobgoblin's attack.
You barely miss the hobgoblin. Your kick misses the hobgoblin.
The hobgoblin hits you.
You hit the hobgoblin.
You kill the hobgoblin!
No target in view!
No target in view!
You see here a hobgoblin corpse.
There is a stone staircase leading up here.
There is a stone staircase leading down here.
Key pressed, stopping explore.
Could not explore, unopened door.
Could not explore, unopened door.
Could not explore, unopened door.
You open the door.
A gnoll sergeant and 5 gnolls come into view.
The gnoll sergeant shouts!
The gnoll shouts! x3
You block the gnoll's attack.
Found 11 gold pieces.
There are monsters nearby!
There are monsters nearby!
You block the gnoll's attack.
The gnoll hits you but does no damage. x2
The gnoll sergeant barely misses you.
There is an open door here.
You block the gnoll's attack.
The gnoll sergeant hits you from afar with a +0 spear.
You block the gnoll's attack. You block the gnoll's attack.
The gnoll hits you from afar with a +0 spear.
Throw: 6 darts (poison)
Aim: a gnoll, wielding a +0 spear (61% to hit)
You throw a poisoned dart.
The poisoned dart hits the gnoll sergeant.
The gnoll sergeant is poisoned.
Unknown command.
Throw: 5 darts (poison)
Aim: a gnoll, wielding a +0 halberd (61% to hit)
You throw a poisoned dart.
The poisoned dart barely misses the gnoll.
The poisoned dart barely misses the gnoll.
Throw: 4 darts (poison)
Aim: a gnoll, wielding a +0 halberd (61% to hit)
You throw a poisoned dart.
The poisoned dart barely misses the gnoll sergeant.
The poisoned dart hits the gnoll.
You block the gnoll sergeant's attack.
Throw: 3 darts (poison)
Aim: a gnoll, wielding a +0 halberd (61% to hit)
You throw a poisoned dart.
The poisoned dart hits the gnoll sergeant.
The gnoll sergeant looks even sicker.
The gnoll sergeant hits you from afar with a +0 spear.
Throw: 2 darts (poison)
Aim: a gnoll, wielding a +0 spear (61% to hit)
You throw a poisoned dart.
The poisoned dart hits the gnoll sergeant.
The gnoll sergeant looks even sicker.
The gnoll sergeant hits you from afar with a +0 spear.
Throw: dart (poison)
Aim: a gnoll, wielding a +0 spear (61% to hit)
You throw a poisoned dart.
The poisoned dart hits the gnoll sergeant.
The gnoll sergeant looks as sick as possible!
You block the gnoll sergeant's attack. x2
You feel very mighty all of a sudden.
The gnoll sergeant hits you from afar with a +0 spear.
You block the gnoll's attack.
The gnoll hits you from afar with a +0 halberd!
The gnoll sergeant barely misses you.
You barely miss the gnoll sergeant. You block the gnoll's attack. x2
The gnoll sergeant hits you with a +0 spear.
The gnoll hits you from afar with a +0 spear.
You hit the gnoll sergeant. You kick the gnoll sergeant.
The gnoll hits you but does no damage. You block the gnoll sergeant's attack.
The gnoll hits you from afar with a +0 spear.
You block the gnoll's attack.
You hit the gnoll sergeant but do no damage.
The gnoll sergeant hits you with a +0 spear.
* * * LOW HITPOINT WARNING * * *
The gnoll hits you but does no damage.
The gnoll hits you from afar with a +0 halberd!
* * * LOW HITPOINT WARNING * * *
The gnoll sergeant hits you from afar with a +0 spear.
* * * LOW HITPOINT WARNING * * *
You kill the gnoll sergeant!
Your Axes skill increases to level 6!
You see here a +0 club.
There is a stone staircase leading up here.
You climb upwards.
There is a stone staircase leading down here.
You start resting.
You feel a little less mighty now.
You start resting.
You climb downwards.
There is a stone staircase leading up here.
You block the gnoll's attack.
The gnoll hits you from afar with a +0 spear.
The gnoll barely misses you. The gnoll closely misses you.
The gnoll misses you.
You hit the gnoll. You barely miss the gnoll. The gnoll closely misses you.
The gnoll hits you with a +0 halberd! The gnoll closely misses you.
You hit the gnoll. You hit the gnoll but do no damage.
You block the gnoll's attack. The gnoll hits you with a +0 halberd.
The gnoll closely misses you.
You barely miss the gnoll. Your kick misses the gnoll. You hit the gnoll.
You block the gnoll's attack. The gnoll hits you with a +0 halberd.
The gnoll closely misses you.
You hit the gnoll but do no damage. You kick the gnoll. You hit the gnoll.
The gnoll hits you with a +0 halberd.
* * * LOW HITPOINT WARNING * * *
You block the gnoll's attack.
The gnoll hits you from afar with a +0 spear.
* * * LOW HITPOINT WARNING * * *
You closely miss the gnoll. Your kick misses the gnoll.
You barely miss the gnoll. The gnoll hits you with a +0 halberd!
* * * LOW HITPOINT WARNING * * *
The gnoll barely misses you. x2
You barely miss the gnoll. You hit the gnoll.
The gnoll hits you with a +0 halberd.
* * * LOW HITPOINT WARNING * * *
You block the gnoll's attack. The gnoll closely misses you.
The gnoll closely misses you. The gnoll barely misses you.
The gnoll hits you from afar with a +0 spear.
* * * LOW HITPOINT WARNING * * *
The gnoll misses you.
There is a stone staircase leading up here.
The gnoll hits you but does no damage.
The gnoll hits you from afar with a +0 spear.
* * * LOW HITPOINT WARNING * * *
The gnoll hits you from afar with a +0 spear.
You die...

##..## #######
##..... ##...#
##.....# #.....
#.†.####......##
#..... ##...#
#........# ##....
##...####........#
#....
###...####.........#
##... ##.....#
#..........## ###...
#.....##
#...........# ##...#.
#.....##
#.....@.....#
##...### #......#
#...........####..###
#......#
##...ggg....##...##
#......##
#.........##...##
#.......#
##............##
#.......#
#.>.........##
#.......#
##.........##
#.......# ###......##
#.....###
###.......##


You could see 3 gnolls.

Vanquished Creatures
  A black bear (D:4)
  A necrophage (D:4)
  A gnoll sergeant (D:4)
  A jelly (D:4)
  3 adders
  A shadow imp (D:3)
  A dart slug (D:1)
  6 ball pythons
  3 bats
  4 endoplasms
  2 giant cockroaches (D:2)
  7 goblins
  3 hobgoblins
  3 jackals (D:1)
  3 kobolds
  2 quokkas
  2 frilled lizards (D:2)
  4 rats
48 creatures vanquished.

Notes
Turn   | Place    | Note
-------+----------+-------------------------------------------
     0 | D:1      | CryoSword the Demonspawn Fighter began the quest for the
                  | Orb.
     0 | D:1      | Reached XP level 1. HP: 18/18 MP: 1/1
    53 | D:1      | Reached skill level 2 in Axes
   253 | D:1      | Gained mutation: A meltable shield of frost defends you.
                  | (SH +4) [demonic ancestry]
   253 | D:1      | Reached XP level 2. HP: 19/24 MP: 2/2
   374 | D:1      | You fall into a shaft and drop 1 floor!
   816 | D:1      | Reached skill level 3 in Axes
  1017 | D:1      | Found a faded altar of an unknown god.
  1387 | D:2      | Gained mutation: You have large cloven feet. [demonic
                  | ancestry]
  1387 | D:2      | Reached XP level 3. HP: 8/29 MP: 3/3
  2583 | D:4      | Noticed a black bear
  2651 | D:4      | Noticed a necrophage
  2657 | D:4      | Killed a necrophage
  2658 | D:4      | Reached skill level 4 in Axes
  2658 | D:4      | Reached XP level 4. HP: 35/35 MP: 4/4
  2658 | D:4      | Gained mutation: You are partially covered in thin metallic
                  | scales. (AC +2) [demonic ancestry]
  2658 | D:4      | Reached XP level 5. HP: 41/41 MP: 5/5
  2902 | D:4      | Killed a black bear
  2903 | D:4      | Reached skill level 5 in Axes
  3097 | D:4      | Reached XP level 6. HP: 41/47 MP: 6/6
  3361 | D:4      | Reached skill level 6 in Axes
  3603 | D:4      | HP: 1/47 [gnoll/+0 spear (4)]
  3603 | D:4      | Slain by a gnoll

Illustrated notes

Levels and vault maps discovered:
D:1:      lemuel_arrival_hallway, layout_loops_corners,
          hellmonk_ecumenical_altar_leap_of_faith
D:2:      layout_loops_corners
D:3:      layout_basic
D:4:      layout_cave_pods, lightli_minifort

Skill      XL: |  1  2  3  4  5  6 |
---------------+-------------------+-----
Axes           | 2 3 4 5 6 |  6.2
Fighting       | |  3.0
Armour         | |  2.6
Shields        | |  2.6

Action                   |  1- 3 |  4- 6 || total
-------------------------+-------+-------++-------
Melee: War axe           |   118 |    14 ||   132
       Kick              |     6 |     8 ||    14
       Hand axe          |       |    27 ||    27
Throw: Dart              |       |     6 ||     6
  Use: Scroll            |       |     3 ||     3
       Potion            |       |     1 ||     1
Armor: Scale mail        |    48 |    22 ||    70
Dodge: Dodged            |    41 |    24 ||    65
Block: Buckler           |    44 |    36 ||    80
